AoeStats
← 1847373944

Lombardia

508419982Analyzed
4v4 RM · 11d ago on Sep 22, 2026· 51m 4s· 8 players
Game mode
Random Map
Map size
Large (8 player)
Population
200
Speed
Normal
Resources
Standard
Victory
Conquest
Starting age
Dark Age
Ending age
Imperial Age
RankedLock teamsTeams togetherTeam positionsShared explorationLock speedFull tech treeHidden civsTurbo modeCheats
Victory
Defeat
🇹🇼 Vietnamese · Taiwan
1068
+16
🇨🇳 Franks · China
1046
+17
🇨🇳 Persians · China
1045
+17
🇨🇳 Poles · China
1040
+17
🇨🇳 Khmer · China
1099
-18
🇧🇷 Spanish · Brazil
1080
-17
🇹🇷 Koreans · Türkiye
1054
-16
🇵🇪 Maya · Peru
1037
-16
五彩斑斓的黑
10:44 Feudal Age
16:45 Castle Age
15:49 Forging
15:39 Double-Bit Axe
16:39 Scale Barding Armor
17:00 Loom
17:51 Wheelbarrow
17:45 Husbandry
21:53 Bow Saw
22:24 Wheelbarrow
33:49 Imperial Age
34:49 Iron Casting
36:39 Caravan
37:02 Chain Barding Armor
36:08 Cavalier
40:46 Plate Barding Armor
41:11 Blast Furnace
45:10 Paladin
Mr.Big
6:05 Loom
9:03 Feudal Age
12:09 Double-Bit Axe
12:10 Horse Collar
13:03 Fletching
19:22 Castle Age
20:10 Wheelbarrow
19:27 Crossbowman
20:24 Bodkin Arrow
21:30 Town Watch
22:17 Bow Saw
22:09 Heavy Plow
27:24 Thumb Ring
33:02 Elite Skirmisher
34:59 Hand Cart
40:14 Imperial Age
40:39 Ballistics
42:34 Chemistry
41:04 Arbalester
41:13 Imperial Skirmisher
43:00 Bracer
45:06 Padded Archer Armor
48:47 Paper Money
50:32 Treadmill Crane
51:05 Siege Engineers
51:31 Gold Mining
ze'ro
13:08 Feudal Age
17:23 Castle Age
15:57 Double-Bit Axe
16:21 Horse Collar
16:35 Loom
26:09 Heavy Plow
27:11 Bow Saw
28:38 Husbandry
28:49 Bloodlines
31:03 Wheelbarrow
33:16 Imperial Age
31:48 Gold Mining
32:45 Scale Barding Armor
32:51 Forging
33:54 Cavalier
34:54 Hand Cart
35:37 Chain Barding Armor
35:52 Iron Casting
36:23 Gold Shaft Mining
37:01 Two-Man Saw
38:05 Plate Barding Armor
38:10 Crop Rotation
37:43 Savar
41:38 Blast Furnace
45:13 Caravan
46:22 Stone Mining
48:28 Stone Shaft Mining
49:35 Conscription
48:45 Sappers
49:26 Citadels
怒头堵紧
10:41 Feudal Age
15:39 Castle Age
15:40 Castle Age
14:43 Horse Collar
15:40 Double-Bit Axe
18:04 Gold Mining
19:56 Scale Barding Armor
20:02 Forging
22:06 Szlachta Privileges
23:31 Chain Barding Armor
23:52 Bloodlines
23:58 Husbandry
25:40 Iron Casting
24:58 Loom
38:13 Heavy Plow
38:27 Bow Saw
41:49 Wheelbarrow
41:00 Town Watch
43:43 Hand Cart
43:51 Hand Cart
47:00 Imperial Age
48:14 Cavalier
49:54 Crop Rotation
49:22 Stone Mining
50:04 Town Patrol
51:43 Blast Furnace
50:35 Capped Ram
SongForBob
8:49 Loom
12:24 Feudal Age
19:00 Castle Age
17:41 Double-Bit Axe
18:23 Horse Collar
20:02 Crossbowman
24:31 Wheelbarrow
24:25 Fletching
27:53 Bow Saw
27:46 Heavy Plow
30:00 Bodkin Arrow
31:02 Gold Mining
31:04 Stone Mining
38:06 Imperial Age
36:50 Forging
36:40 Scale Mail Armor
36:13 Pikeman
37:49 Hand Cart
38:08 Heated Shot
40:10 Conscription
39:53 Halberdier
41:28 Gambesons
41:43 Squires
41:28 Arson
42:23 Iron Casting
42:03 Chain Mail Armor
42:12 Chain Mail Armor
44:35 Bracer
45:07 Plate Mail Armor
48:06 Chemistry
LORD PETER
0:39 Loom
12:43 Feudal Age
13:06 Feudal Age
17:39 Horse Collar
17:47 Double-Bit Axe
20:42 Castle Age
21:01 Fletching
21:12 Padded Archer Armor
24:37 Town Watch
24:57 Heavy Plow
27:07 Bodkin Arrow
28:51 Leather Archer Armor
29:36 Ballistics
40:22 Imperial Age
40:42 Pikeman
41:23 Squires
41:36 Forging
41:26 Scale Mail Armor
ramonludtke
5:05 Loom
10:01 Feudal Age
10:32 Double-Bit Axe
14:55 Town Watch
17:17 Castle Age
16:55 Fletching
24:39 Horse Collar
30:00 Bloodlines
32:42 Husbandry
1847373944
11:17 Feudal Age
12:42 Loom
15:01 Castle Age
13:01 Loom
13:02 Loom
16:27 Double-Bit Axe
16:54 Stone Mining
22:14 Gold Mining
23:55 Wheelbarrow
23:21 Horse Collar
25:29 Bow Saw
26:04 Gold Shaft Mining
32:19 Heavy Plow
32:40 Fletching
32:50 Padded Archer Armor
35:00 Forging
34:55 Scale Barding Armor
36:19 Iron Casting
37:01 Chain Barding Armor
37:56 Hand Cart
38:11 Bloodlines
38:03 Husbandry
37:24 Light Cavalry
39:11 Bodkin Arrow
Connection lost

Rejoining the realm…

Still unreachable

The connection could not be restored.

Session expired

The server has moved on; the page needs a fresh start.